 Dungeon Crawl Stone Soup version 0.20.1-1-g8b1a95d (webtiles) character file.

61 LarsimusPrime the Skirmisher (level 3, 0/34 HPs)
             Began as a Minotaur Berserker on Oct 14, 2017.
             Was a Believer of Trog.
             Slain by a sky beast (1 damage)
             ... on level 3 of the Dungeon on Oct 18, 2017.
             The game lasted 00:06:17 (1994 turns).

LarsimusPrime the Skirmisher (Minotaur Berserker)   Turns: 1994, Time: 00:06:18

Health: 0/34       AC:  5    Str: 21    XL:     3   Next: 83%
Magic:  0/2        EV: 11    Int:  4    God:    Trog [**....]
Gold:   60         SH:  0    Dex: 10    Spells: 2/2 levels left

rFire    . . .     SeeInvis .   a - +0 mace
rCold    + . .     Gourm    .   (no shield)
rNeg     . . .     Faith    .   j - +0 ring mail {rC+}
rPois    .         Spirit   +   (helmet restricted)
rElec    .         Reflect  .   l - scarf {Spirit}
rCorr    .         Harm     .   (no gloves)
MR       .....                  (no boots)
Stlth    ..........             (no amulet)
Regen    0.2/turn               g - ring of flight
MPRegen  0.1/turn               (no ring)

@: no status effects
A: retaliatory headbutt, horns 2
a: Berserk, Trog's Hand, Burn Spellbooks, Renounce Religion, Evoke Flight


You were on level 3 of the Dungeon.
You worshipped Trog.
Trog was pleased with you.
You were not hungry.

You visited 1 branch of the dungeon, and saw 3 of its levels.

You collected 60 gold pieces.

Inventory:

Hand Weapons
 a - a +0 mace (weapon)
Armour
 b - a +0 animal skin
 j - a +0 ring mail of cold resistance (worn)
 l - a scarf of spirit shield (worn)
Jewellery
 g - a ring of flight (left hand)
Scrolls
 d - 2 scrolls of identify {unknown}
 e - a scroll of remove curse {unknown}
 f - a scroll of fear {unknown}
 h - a scroll of blinking {unknown}
Potions
 i - a potion of haste {unknown}
 m - a potion of berserk rage {unknown}
Comestibles
 c - 2 bread rations
 k - 2 chunks of flesh


   Skills:
 + Level 4.6 Fighting
 + Level 4.5 Maces & Flails
 + Level 3.0 Armour
 + Level 2.4 Dodging


You had 2 spell levels left.
You didn't know any spells.

Dungeon Overview and Level Annotations

Branches:
Dungeon (3/15)

Altars:


Innate Abilities, Weirdness & Mutations

You reflexively headbutt those who attack you in melee.
You have a pair of horns on your head.


Message History

The sky beast is heavily wounded.
The sky beast hits you but does no damage.
You barely miss the sky beast.
The sky beast is heavily wounded.
The sky beast flickers out of sight!
Deactivating autopickup; reactivate with Ctrl-A.
Something hits you but does no damage.
You closely miss something.
A sky beast appears from thin air!
Reactivating autopickup.
The sky beast hits you but does no damage.
You sock the sky beast!
The sky beast is severely wounded.
The sky beast hits you.
* * * LOW HITPOINT WARNING * * *
The sky beast shocks you.
* * * LOW HITPOINT WARNING * * *
You hit the sky beast. Your headbutt misses the sky beast.
The sky beast is severely wounded.
The sky beast hits you.
You die...

#.#####....
#.#........
#.#......!.
#.#........
#.#........
##
#.#........
.. #......#
###....#
#.. #@...#
#... #Y...#
#... #....#
#...###
#....#
#......
#....#
#......
###.##
#...... .#
#...... .#
####.<.
#...


You could see a sky beast.

Vanquished Creatures
  An adder (D:1)
  An ooze (D:1)
  2 dart slugs (D:1)
  2 leopard geckos (D:2)
  A giant cockroach (D:2)
  5 hobgoblins (D:2)
  A quokka (D:2)
  2 ball pythons
  6 bats
  4 frilled lizards
  5 goblins
  8 kobolds
  2 rats (D:1)
  2 plants (D:2)
42 creatures vanquished.

Notes
Turn   | Place    | Note
-------+----------+-------------------------------------------
     0 | D:1      | LarsimusPrime the Minotaur Berserker began the quest for the Orb.
     0 | D:1      | Reached XP level 1. HP: 19/19 MP: 0/0
   329 | D:1      | Reached XP level 2. HP: 27/27 MP: 1/1
   853 | D:1      | Reached XP level 3. HP: 3/34 MP: 2/2
  1284 | D:2      | Reached ** piety under Trog
  1981 | D:3      | Noticed a sky beast
  1993 | D:3      | HP: 1/34 [sky beast (6)]
  1994 | D:3      | Slain by a sky beast

Skill      XL: |  1  2  3 |
---------------+----------+-----
Fighting       | 4 |  4.6
Maces & Flails | 4 |  4.5
Armour         | 3 |  3.0
Dodging        | |  2.4

Action                   || total
-------------------------++-------
Melee: Mace              ||   156
       Headbutt          ||    23
  Use: Potion            ||     2
  Eat: Chunk             ||     4
Armor: Animal skin       ||     4
       Ring mail         ||    16
Dodge: Dodged            ||    52
